 Dungeon Crawl Stone Soup version 0.18.1-50-g88ac8fd (webtiles) character file.

168392 Peloso the Fencer (level 17, -4/160 HPs)
             Began as a Minotaur Fighter on Oct 2, 2016.
             Was the Champion of Okawaru.
             Slain by a four-headed hydra (14 damage)
             ... on level 4 of the Swamp.
             The game lasted 01:57:11 (33798 turns).

Peloso the Fencer (Minotaur Fighter)               Turns: 33798, Time: 01:57:17

Health: -4/160     AC: 27    Str: 32    XL:     17   Next: 33%
Magic:  18/18      EV: 15    Int:  7    God:    Okawaru [******]
Gold:   2684       SH: 18    Dex: 14    Spells: 0 memorised, 16 levels left

rFire  . . .     SeeInvis +     N - +9 demon blade (flame)
rCold  + + .     Gourm    .     b - +2 chain mail of Awe {MR+ SInv}
rNeg   . . .     Faith    +     Q - +2 shield of True Grit {*Drain rPois MR- rCorr}
rPois  +         Spirit   .     O - +1 hat
rElec  .         Dismiss  .     R - +1 cloak of Serid Cafe {rC++}
rCorr  +         Reflect  .     u - +1 pair of gloves of Iloste {Str+5 Int+4}
SustAt .         Harm     .     j - +2 pair of boots of the Assassin {DetectMon Stab+ Stlth++}
MR     +....                    o - amulet of faith
Stlth  +.........               H - ring of see invisible
                                w - +3 ring of strength

@: about to teleport, somewhat resistant to hostile enchantments, very
unstealthy
A: retaliatory headbutt, horns 2, thin metallic scales 1, dopey 1, screaming 2,
subdued magic 1, MP-powered wands
a: Heroism, Finesse, Renounce Religion


You were on level 4 of the Swamp.
You worshipped Okawaru.
Okawaru was exalted by your worship.
You were hungry.

You visited 4 branches of the dungeon, and saw 29 of its levels.
You also visited: Bailey.

You collected 3120 gold pieces.
You spent 436 gold pieces at shops.

Inventory:

Hand Weapons
 a - a +1 long sword
 D - a +9 double sword of draining
 N - a +9 demon blade of flaming (weapon)
Armour
 b - the +2 chain mail of Awe (worn) {MR+ SInv}
   (You bought it in a shop on level 2 of the Orcish Mines)

   It affects your resistance to hostile enchantments.
   It lets you see invisible.
 i - a +2 buckler of protection
 j - the +2 pair of boots of the Assassin (worn) {DetectMon Stab+ Stlth++}
   (You acquired it on level 14 of the Dungeon)

   It makes you much more stealthy.
 u - the +1 pair of gloves of Iloste (worn) {Str+5 Int+4}
   (You bought it in a shop on level 2 of the Orcish Mines)

   It affects your strength (+5).
   It affects your intelligence (+4).
 y - the +0 pair of gloves of the First Places {rN+++ Int-3 Slay+6 SInv}
   (Okawaru gifted it to you on level 3 of the Swamp)

   It affects your intelligence (-3).
   It affects your accuracy and damage with ranged weapons and melee attacks
   (+6).
   It renders you almost immune to negative energy.
   It lets you see invisible.
 O - a +1 hat (worn)
 Q - the +2 shield of True Grit (worn) {*Drain rPois MR- rCorr}
   (You found it on level 8 of the Dungeon)

   It protects you from poison.
   It affects your resistance to hostile enchantments.
   It protects you from acid and corrosion.
   It causes draining when unequipped.
 R - the +1 cloak of Serid Cafe (worn) {rC++}
   (Okawaru gifted it to you on level 15 of the Dungeon)

   It greatly protects you from cold.
Jewellery
 n - an uncursed ring of flight
 o - an amulet of faith (around neck)
 w - a +3 ring of strength (left hand)
 H - a ring of see invisible (right hand)
 K - an uncursed ring of protection from fire
 L - an uncursed ring of protection from cold
Wands
 p - a wand of iceblast (9/15)
 B - a wand of hasting (3/9)
 G - a wand of teleportation (5/9)
 I - a wand of disintegration (10/24)
 V - a wand of lightning (9/15)
Scrolls
 c - 6 scrolls of teleportation
 d - 12 scrolls of magic mapping
 h - 11 scrolls of remove curse
 q - a scroll of amnesia
 t - 4 scrolls of fear
 v - 6 scrolls of identify
 T - a scroll of enchant weapon
 U - a scroll of torment {unknown}
 Z - 6 scrolls of recharging
Potions
 e - 7 potions of curing
 g - a potion of ambrosia
 l - 2 potions of invisibility
 s - a potion of cure mutation
 z - a potion of brilliance
 A - a potion of berserk rage {unknown}
 C - 4 potions of agility
 E - 2 potions of resistance
 F - 3 potions of might
 J - 3 potions of haste
 S - a potion of flight
Books
 M - a book of Fire

   Spells                             Type                      Level
   a - Ignite Poison                  Fire/Transmutation/Poison    3
   b - Fireball                       Conjuration/Fire             5
   c - Bolt of Fire                   Conjuration/Fire             6
   d - Delayed Fireball               Conjuration/Fire             7
   e - Ring of Flames                 Charms/Fire                  7
 P - a book of Summonings

   Spells                             Type                      Level
   a - Recall                         Summoning/Translocation      3
   b - Aura of Abjuration             Summoning                    5
   c - Summon Demon                   Summoning                    5
   d - Summon Forest                  Summoning/Translocation      5
   e - Summon Mana Viper              Hexes/Summoning              5
   f - Shadow Creatures               Summoning                    6
Comestibles
 f - 9 bread rations
 k - 46 fruits
 m - 7 meat rations
 r - 3 beef jerkies


   Skills:
 + Level 16.7 Fighting
 + Level 19.8 Long Blades
 + Level 3.0 Throwing
 + Level 15.2 Armour
 + Level 10.1 Dodging
 + Level 2.4 Stealth
 + Level 17.3 Shields
 + Level 3.5 Invocations


You had 16 spell levels left.
You didn't know any spells.

Dungeon Overview and Level Annotations

Branches:
Dungeon (15/15)            Temple (0/1) D:7            Lair (8/8) D:11
  Swamp (4/4) Lair:3       Spider (0/4) Lair:6        Slime (0/6) Lair:7
    Orc (2/2) D:11            Elf (0/3) Orc:2        Vaults (0/5) D:14
 Depths (0/5) D:15

Altars:
Ashenzari
Cheibriados
Elyvilon
Fedhas
Gozag
Kikubaaqudgha
Makhleb
Nemelex Xobeh
Okawaru
Pakellas
Ru
Xom
Yredelemnul
The Shining One
Beogh

Shops:
D:6 *   D:14 }   Orc:2 *(:[

Annotations:
D:14 exclusion: Roxanne, Roxanne


Innate Abilities, Weirdness & Mutations

You reflexively headbutt those who attack you in melee.
You have a pair of horns on your head.
You are partially covered in thin metallic scales (AC +2).
You are dopey. (Int -2)
You sometimes yell uncontrollably at your foes.
Your spells are a little easier to cast, but a little less powerful.
You expend magic power (3 MP) to strengthen your wands.


Message History

You furiously retaliate!
You headbutt the six-headed hydra.
You block the six-headed hydra's attack.
The six-headed hydra bites you but does no damage.
You block the six-headed hydra's attack. x2
The six-headed hydra bites you but does no damage.
The swamp drake breathes noxious fumes at you.
The noxious blast engulfs the seven-headed hydra.
The four-headed hydra completely misses you.
You block the four-headed hydra's attack. x2
The four-headed hydra bites you.
* * * LOW HITPOINT WARNING * * *
Drink which item? (? for menu, Esc to quit)
You feel better. The six-headed hydra misses you.
The six-headed hydra bites you!
* * * LOW HITPOINT WARNING * * *
You block the six-headed hydra's attack. x3
The six-headed hydra bites you but does no damage.
The four-headed hydra bites you but does no damage.
The four-headed hydra bites you!
You die...

♣♣. ♣♣.≈ ♣♣≈≈.♣♣ ♣♣♣♣
♣≈.≈≈.♣♣ ♣♣..♣♣
♣§♣♣≈..≈. ♣♣♣♣♣♣♣..≈.♣
.......≈♣♣♣≈♣♣.♣≈♣≈.♣♣
#.§≈♣.≈≈)..§.§.....♣
♣≈..≈DD§.....≈♣.♣♣♣♣♣
#§§§§♣@§...≈...≈.♣♣[♣♣
#♣≈§kD§≈≈..≈≈♣.≈≈≈≈..♣♣
#♣≈§§§§.≈≈≈≈........§♣
♣§≈§...≈≈≈≈.....♣≈.♣♣
#♣≈..≈......≈≈♣♣♣♣♣♣
♣.$§...≈...≈♣♣
≈≈.≈.§..≈§≈†♣♣
♣...≈....§....♣♣
...≈.≈≈.≈......♣


You could see a seven-headed hydra, a six-headed hydra, a four-headed hydra and
a swamp drake.

Vanquished Creatures
  A sphinx (D:15)
  A thorn hunter (Swamp:4)
  Agnes (D:14)
  2 fire giants (D:15)
  3 orc warlords
  Maud (Lair:5)
  Louise (Swamp:2)
  A vampire knight (D:15)
  Nessos (Orc:2)
  Azrael (D:14)
  2 dire elephants
  Snorg (Lair:6)
  A yaktaur captain (D:15)
  20 hydras
  A catoblepas (Lair:8)
  2 ghost crabs (Swamp:1)
  An anaconda (Swamp:3)
  A death knight (D:15)
  The ghost of baghtru the Cleaver, a novice HOFi of the Shining One (Bailey)
  2 dancing weapons (D:14)
  An ogre mage (D:15)
  10 centaur warriors
  10 death yaks
  A deep troll shaman (Lair:8)
  8 alligators
  A tengu warrior (D:13)
  5 orc high priests
  2 skeletal warriors (D:15)
  6 swamp dragons
  3 unseen horrors
  2 spriggan druids (Swamp:4)
  A deep elf archer (D:15)
  2 giant orange brains (D:15)
  11 hill giants
  A deep troll (D:15)
  A flayed ghost (D:15)
  3 shambling mangroves
  A necromancer (D:15)
  A wolf spider zombie (D:15)
  The ghost of hydrated12 the Cutter, a novice HuCK of Xom (D:6)
  5 orc knights
  A wolf spider (D:15)
  3 orc sorcerers
  A hill giant (shapeshifter) (D:13)
  2 griffons
  A wizard (D:15)
  7 ugly things
  6 cyclopes
  3 manticores (D:15)
  42 elephants
  9 black mambas
  Joseph (D:7)
  Psyche (D:11)
  2 spiny frogs (shapeshifter) (D:15)
  A torpor snail (Lair:5)
  8 centaur skeletons
  A kobold demonologist (D:12)
  11 spiny frogs
  A yaktaur (D:15)
  3 rime drakes
  12 komodo dragons
  2 tengu conjurers
  A freezing wraith (D:15)
  9 trolls
  A two-headed ogre (D:11)
  2 polar bears
  4 giant leeches
  10 blink frogs
  A boulder beetle (D:15)
  17 slime creatures
  10 bog bodies
  A wyvern (shapeshifter) (D:15)
  2 shadows
  A wraith (D:15)
  4 wyverns
  3 vampires
  3 spriggans
  49 yaks
  2 humans (D:7)
  2 fire elementals
  A steam dragon (D:12)
  5 basilisks
  2 hungry ghosts
  13 hippogriffs
  12 vampire mosquitoes
  3 wargs
  A mottled dragon (D:13)
  A soldier ant (D:14)
  14 water moccasins
  16 insubstantial wisps
  18 swamp worms
  3 hell hounds
  9 porcupines
  4 swamp drakes
  3 black bears
  38 orc warriors
  7 wasps
  An ice beast (D:15)
  10 sky beasts
  6 phantoms
  The ghost of Peloso the Shield-Bearer, an amateur MiFi (D:3)
  An eye of draining (D:13)
  13 ogres
  21 wolves
  22 centaurs
  15 crocodiles
  27 giant frogs
  2 big kobolds
  2 gnoll sergeants
  A wyvern skeleton (D:15)
  2 scorpions
  A water moccasin skeleton (D:8)
  5 killer bees (D:11)
  An electric eel (Lair:5)
  10 wights
  A howler monkey (D:12)
  13 crimson imps
  6 centaur zombies
  A lava snake (D:13)
  18 jellies
  3 quasits
  14 orc priests
  A giant frog skeleton (D:8)
  3 hounds
  8 iguanas
  13 worker ants
  Natasha (D:3)
  21 orc wizards
  Ijyb (D:3)
  19 sheep
  A hound zombie (D:5)
  A hound skeleton (D:5)
  A worker ant zombie (D:6)
  A howler monkey skeleton (D:11)
  17 adders
  14 gnolls
  30 river rats
  3 shadow imps
  An ooze (Lair:7)
  An adder zombie (D:10)
  2 adder skeletons
  A worm (D:2)
  A dart slug (D:2)
  4 giant geckos
  113 orcs
  2 ball pythons (Swamp:3)
  6 giant cockroaches
  6 goblins
  7 hobgoblins
  7 jackals
  6 quokkas
  A ball python skeleton (D:4)
  4 bats
  A giant gecko skeleton (D:4)
  5 giant newts
  21 kobolds
  A quokka skeleton (D:7)
  8 rats
  3 fungi (Lair:8)
  2 plants
1046 creatures vanquished.

Vanquished Creatures (others)
  2 unseen horrors (D:15)
  An orc wizard (Orc:2)
  5 sheep (D:5)
  10 fungi
  5 plants
23 creatures vanquished.

Grand Total: 1069 creatures vanquished

Notes
Turn   | Place    | Note
--------------------------------------------------------------
     0 | D:1      | Peloso the Minotaur Fighter began the quest for the Orb.
     0 | D:1      | Reached XP level 1. HP: 19/19 MP: 0/0
   348 | D:1      | Reached XP level 2. HP: 27/27 MP: 1/1
   905 | D:2      | Reached XP level 3. HP: 30/33 MP: 2/2
  1391 | D:2      | Reached skill level 1 in Dodging
  1446 | D:3      | Noticed Ijyb
  1455 | D:3      | Killed Ijyb
  1455 | D:3      | Reached skill level 3 in Long Blades
  1455 | D:3      | Reached XP level 4. HP: 38/40 MP: 3/3
  1642 | D:3      | Noticed Natasha
  1647 | D:3      | Killed Natasha
  1754 | D:3      | Reached XP level 5. HP: 41/47 MP: 4/4
  1807 | D:3      | Noticed Peloso's ghost (amateur MiFi)
  2083 | D:3      | Found a sacrificial altar of Ru.
  2083 | D:3      | Found an ancient bone altar of Kikubaaqudgha.
  2625 | D:2      | Reached skill level 5 in Shields
  2813 | D:3      | Killed Peloso's ghost
  2813 | D:3      | Reached skill level 4 in Long Blades
  2813 | D:3      | Reached XP level 6. HP: 23/53 MP: 5/5
  2917 | D:3      | Found a burning altar of Makhleb.
  2917 | D:3      | Noticed a blizzard demon
  2920 | D:3      | Noticed a ynoxinul
  2920 | D:3      | Noticed a ynoxinul
  2972 | D:4      | Reached skill level 5 in Armour
  3219 | D:4      | Found a white marble altar of Elyvilon.
  3221 | D:4      | Found a basalt altar of Yredelemnul.
  3222 | D:4      | Found a sparkling altar of Nemelex Xobeh.
  3222 | D:4      | Found an opulent altar of Gozag.
  3224 | D:4      | Found an iron altar of Okawaru.
  3231 | D:4      | Found a shattered altar of Ashenzari.
  3240 | D:4      | Became a worshipper of Warmaster Okawaru
  3639 | D:5      | Entered Level 5 of the Dungeon
  3645 | D:5      | Reached XP level 7. HP: 60/60 MP: 6/6
  3736 | D:5      | Reached * piety under Okawaru
  3740 | D:5      | Reached skill level 5 in Fighting
  3817 | D:5      | Reached skill level 5 in Long Blades
  4435 | D:5      | Found a shimmering altar of Xom.
  4485 | D:5      | Reached ** piety under Okawaru
  4485 | D:5      | Reached XP level 8. HP: 62/68 MP: 7/7
  4804 | D:6      | Noticed hydrated12's ghost (novice HuCK)
  4820 | D:6      | Killed hydrated12's ghost
  4908 | D:6      | Found Bejo Leo's General Store.
  4998 | D:6      | Reached skill level 6 in Long Blades
  5015 | D:6      | Reached *** piety under Okawaru
  5430 | D:7      | Found a flagged portal.
  5430 | D:7      | Noticed Joseph
  5458 | D:7      | Killed Joseph
  5458 | D:7      | Reached XP level 9. HP: 22/78 MP: 5/8
  5666 | D:7      | Reached skill level 1 in Stealth
  5700 | Bailey   | Entered a bailey
  5746 | Bailey   | Noticed an orc warlord
  5754 | Bailey   | Noticed baghtru's ghost (novice HOFi)
  5784 | Bailey   | Killed baghtru's ghost
  5784 | Bailey   | Reached **** piety under Okawaru
  5784 | Bailey   | Reached skill level 7 in Long Blades
  5784 | Bailey   | Reached skill level 5 in Dodging
  6085 | Bailey   | Reached skill level 1 in Throwing
  6131 | Bailey   | Found a runed gate.
  6132 | Bailey   | Found a runed gate.
  6134 | Bailey   | Found a runed gate.
  6262 | Bailey   | Killed an orc warlord
  6262 | Bailey   | Reached ***** piety under Okawaru
  6262 | Bailey   | Received a gift from Okawaru
  6262 | Bailey   | Reached skill level 8 in Long Blades
  6262 | Bailey   | Reached skill level 1 in Invocations
  6262 | Bailey   | Reached XP level 10. HP: 40/88 MP: 7/9
  6978 | D:7      | Found an iron altar of Okawaru.
  6990 | D:7      | Reached skill level 10 in Shields
  7064 | D:7      | Found a staircase to the Ecumenical Temple.
  7214 | D:7      | Received a gift from Okawaru
  7523 | D:8      | Received a gift from Okawaru
  7565 | D:8      | Got a bloodstained shield
  7576 | D:8      | Identified the +2 shield of True Grit {*Drain rPois MR- rCorr} (You found it on level 8 of the Dungeon)
  8662 | D:9      | Received a gift from Okawaru
  8747 | D:9      | Reached skill level 9 in Long Blades
  8928 | D:9      | Found an oddly glowing altar of Pakellas.
  8929 | D:9      | Found a snail-covered altar of Cheibriados.
  8931 | D:9      | Reached ****** piety under Okawaru
  8953 | D:9      | Found a glowing golden altar of the Shining One.
  8966 | D:10     | Entered Level 10 of the Dungeon
  9163 | D:10     | Found an ancient bone altar of Kikubaaqudgha.
  9554 | D:11     | Found a blossoming altar of Fedhas.
  9569 | D:10     | Reached XP level 11. HP: 81/97 MP: 11/11
  9635 | D:10     | Received a gift from Okawaru
  9993 | D:11     | Found a staircase to the Lair.
 10032 | D:11     | Noticed a hill giant
 10043 | D:11     | Killed a hill giant
 10099 | D:11     | Found a staircase to the Orcish Mines.
 10482 | D:11     | Reached skill level 10 in Long Blades
 10825 | D:11     | Noticed Psyche
 10833 | D:11     | Killed Psyche
 11012 | D:12     | Noticed a hill giant
 11024 | D:12     | Killed a hill giant
 11110 | D:12     | Received a gift from Okawaru
 11127 | D:12     | Reached skill level 10 in Armour
 11131 | D:12     | Reached skill level 10 in Fighting
 11271 | D:12     | Reached skill level 11 in Long Blades
 11333 | D:12     | Noticed a hill giant
 11514 | D:11     | Killed a hill giant
 11816 | D:12     | Received a gift from Okawaru
 11821 | D:12     | Reached XP level 12. HP: 82/107 MP: 12/12
 12099 | D:13     | Noticed a centaur warrior
 12101 | D:13     | Noticed a tengu warrior
 12126 | D:13     | Killed a tengu warrior
 12127 | D:13     | Killed a centaur warrior
 12134 | D:13     | Reached skill level 12 in Long Blades
 12295 | D:13     | Noticed a centaur warrior
 12306 | D:13     | Killed a centaur warrior
 12342 | D:13     | Noticed a centaur warrior
 12351 | D:13     | Killed a centaur warrior
 12522 | D:13     | Gained mutation: You are partially covered in thin metallic scales (AC +2). [potion of beneficial mutation]
 12541 | D:13     | Identified a scroll of acquirement
 13025 | D:13     | Received a gift from Okawaru
 13544 | D:12     | Reached skill level 13 in Long Blades
 13583 | Lair:1   | Entered Level 1 of the Lair of Beasts
 14331 | Lair:1   | You fall through a shaft!
 14379 | Lair:2   | Noticed a seven-headed hydra
 14535 | Lair:2   | Received a gift from Okawaru
 14565 | Lair:2   | Killed a 13-headed hydra
 14739 | Lair:2   | Reached XP level 13. HP: 80/117 MP: 13/13
 15666 | Lair:3   | Found a staircase to the Swamp.
 16392 | Lair:4   | Identified Kush's Incunabulum of the Destructive Blaze
 16532 | Lair:4   | Noticed a dire elephant
 16554 | Lair:4   | Received a gift from Okawaru
 16869 | Lair:4   | Reached skill level 14 in Long Blades
 17251 | Lair:4   | Received a gift from Okawaru
 17266 | Lair:4   | Got a polished scimitar {god gift}
 17267 | Lair:4   | Identified the +1 scimitar "Mimuul" {freeze, rPois} (Okawaru gifted it to you on level 4 of the Lair of Beasts)
 17685 | Lair:4   | Killed a dire elephant
 18198 | Lair:5   | Received a gift from Okawaru
 18660 | Lair:5   | Reached XP level 14. HP: 129/129 MP: 12/15
 18715 | Lair:5   | Noticed Maud
 18725 | Lair:5   | Killed Maud
 19111 | Lair:5   | Reached skill level 15 in Long Blades
 19460 | Lair:6   | Found a hole to the Spider Nest.
 19776 | Lair:6   | Noticed Snorg
 19792 | Lair:6   | Killed Snorg
 20836 | Lair:7   | Received a gift from Okawaru
 20905 | Lair:7   | Found a staircase to the Slime Pits.
 21930 | Lair:8   | Entered Level 8 of the Lair of Beasts
 22033 | Lair:8   | Received a gift from Okawaru
 22168 | Lair:8   | Reached skill level 16 in Long Blades
 22677 | Lair:8   | Reached skill level 15 in Shields
 22871 | Lair:8   | Reached XP level 15. HP: 69/139 MP: 16/16
 23402 | Lair:8   | Received a gift from Okawaru
 23427 | Lair:8   | Got a faintly glowing scythe
 23774 | D:14     | Noticed Azrael
 24277 | D:14     | Killed Azrael
 24307 | D:14     | Noticed Roxanne
 24589 | D:14     | Identified the +2 scythe "Cigum" {drain, *Rage +Inv rF+ Dex+2} (You found it on level 8 of the Lair of Beasts)
 24726 | D:14     | Found a gate to the Vaults.
 24835 | D:14     | Noticed Agnes
 24843 | D:14     | Killed Agnes
 25017 | D:14     | Found Kuixuf's Gadget Shop.
 25046 | D:14     | Received a gift from Okawaru
 25174 | D:14     | Found a roughly hewn altar of Beogh.
 25207 | D:14     | Received a gift from Okawaru
 25226 | D:14     | Got a transparent spear {god gift}
 25342 | D:14     | Identified the +1 spear "Ynlas" {speed, rF+ rN+ MP+9 Dex+3} (Okawaru gifted it to you on level 14 of the Dungeon)
 25415 | D:14     | Reached skill level 17 in Long Blades
 25464 | D:15     | Entered Level 15 of the Dungeon
 26058 | D:15     | Found a staircase to the Depths.
 26146 | D:15     | Found a glowing golden altar of the Shining One.
 26147 | D:15     | Found an oddly glowing altar of Pakellas.
 26147 | D:15     | Found an iron altar of Okawaru.
 26202 | D:15     | Reached skill level 15 in Fighting
 26291 | D:15     | Received a gift from Okawaru
 26888 | D:15     | Noticed a fire giant
 26900 | D:15     | Killed a fire giant
 26900 | D:15     | Received a gift from Okawaru
 26907 | D:15     | Got a crystal quick blade {god gift}
 26944 | D:15     | Reached XP level 16. HP: 91/149 MP: 17/17
 26962 | D:15     | Reached skill level 18 in Long Blades
 27026 | D:15     | Noticed a sphinx
 27027 | D:15     | Paralysed by a sphinx for 6 turns
 27043 | D:15     | Killed a sphinx
 27088 | D:15     | Received a gift from Okawaru
 27321 | D:15     | Got a polished cloak {god gift}
 27332 | D:15     | Identified the +1 cloak of Serid Cafe {rC++} (Okawaru gifted it to you on level 15 of the Dungeon)
 27886 | Lair:1   | Identified the +6 quick blade of the Wolf {pierce, rPois MR+ Dex+2} (Okawaru gifted it to you on level 15 of the Dungeon)
 28073 | Orc:1    | Entered Level 1 of the Orcish Mines
 28146 | Orc:2    | Entered Level 2 of the Orcish Mines
 28161 | Orc:2    | Gained mutation: You occasionally shout uncontrollably at your foes. [a neqoxec]
 28163 | Orc:2    | Gained mutation: Your spells are a little easier to cast, but a little less powerful. [a neqoxec]
 28277 | Orc:2    | Paralysed by an orc sorcerer for 7 turns
 28879 | Orc:2    | Found Acraha's General Store.
 28995 | Orc:2    | Found Furgha Cehoq's Book Shop.
 29285 | Orc:2    | Gained mutation: You expend magic power (3 MP) to strengthen your wands. [a neqoxec]
 29289 | Orc:2    | Gained mutation: You sometimes yell uncontrollably at your foes. [a neqoxec]
 29292 | Orc:2    | Gained mutation: You are dopey. (Int -2) [a neqoxec]
 29694 | Orc:2    | Found Hittoalot's Antique Armour Shop.
 29704 | Orc:2    | Bought an ichor-stained chain mail for 218 gold pieces
 29704 | Orc:2    | Bought a pair of shimmering gloves for 218 gold pieces
 29715 | Orc:2    | Identified the +1 pair of gloves of Iloste {Str+5 Int+4} (You bought it in a shop on level 2 of the Orcish Mines)
 29727 | Orc:2    | Identified the +2 chain mail of Awe {MR+ SInv} (You bought it in a shop on level 2 of the Orcish Mines)
 29817 | Orc:2    | Found Huhuth's Antique Weapon Shoppe.
 29823 | Orc:2    | Found a staircase to the Elven Halls.
 29974 | Orc:2    | Noticed Nessos
 29987 | Orc:2    | Killed Nessos
 30648 | Swamp:1  | Entered Level 1 of the Swamp
 30713 | Swamp:1  | Reached skill level 19 in Long Blades
 31129 | Swamp:1  | Received a gift from Okawaru
 31129 | Swamp:1  | Reached skill level 15 in Armour
 32200 | Swamp:2  | Reached skill level 10 in Dodging
 32469 | Swamp:2  | Noticed Louise
 32479 | Swamp:2  | Killed Louise
 32730 | Swamp:3  | Received a gift from Okawaru
 32730 | Swamp:3  | Reached XP level 17. HP: 156/159 MP: 18/18
 32745 | Swamp:3  | Got a pair of pitted gloves {god gift}
 32756 | Swamp:3  | Identified the +0 pair of gloves of the First Places {rN+++ Int-3 Slay+6 SInv} (Okawaru gifted it to you on level 3 of the Swamp)
 32756 | Swamp:3  | Lost intelligence.
 33486 | Swamp:4  | Entered Level 4 of the Swamp
 33798 | Swamp:4  | Slain by a four-headed hydra

Skill      XL: |  1  2  3  4  5  6  7  8  9 10 11 12 13 14 15 16 17 |
---------------+----------------------------------------------------+-----
Shields        | 4 5 6 8 9 11 12 13 14 15 16 17 | 17.3
Fighting       | 4 5 6 7 9 10 11 13 14 15 16 | 16.7
Armour         | 4 5 6 7 8 9 10 11 12 13 14 15 | 15.2
Dodging        | 1 2 3 4 5 6 7 8 9 10 | 10.1
Long Blades    | 3 4 5 6 8 9 11 13 14 16 17 19 | 19.8
Stealth        | 1 2 |  2.4
Throwing       | 2 3 |  3.0
Invocations    | 1 2 3 |  3.5

Action                   |  1- 3 |  4- 6 |  7- 9 | 10-12 | 13-15 | 16-18 || total
-------------------------+-------+-------+-------+-------+-------+-------++-------
Melee: Long sword        |   129 |   159 |   250 |    95 |       |       ||   633
       Headbutt          |    14 |    31 |    62 |   274 |   381 |   210 ||   972
       Falchion          |       |       |       |   143 |       |       ||   143
       Scimitar          |       |       |       |   863 |   158 |       ||  1021
       Demon blade       |       |       |       |       |   960 |   531 ||  1491
       Double sword      |       |       |       |       |   161 |   229 ||   390
Throw: Tomahawk          |       |       |    18 |       |       |       ||    18
Invok: Heroism           |       |       |     6 |    14 |    11 |     2 ||    33
       Finesse           |       |       |       |     2 |     1 |       ||     3
  Use: Scroll            |     4 |     7 |     4 |    15 |    14 |    12 ||    56
       Potion            |       |     1 |     2 |     6 |     1 |     1 ||    11
 Stab: Petrified         |       |       |       |       |     5 |       ||     5
       Confused          |       |       |       |       |       |     2 ||     2
  Eat: Chunk             |     1 |     8 |     9 |    29 |    36 |    18 ||   101
       Pizza             |       |       |       |     1 |       |     2 ||     3
       Fruit             |       |       |       |       |     1 |     1 ||     2
       Royal jelly       |       |       |       |       |     1 |       ||     1
       Beef jerky        |       |       |       |       |     1 |       ||     1
Armor: Scale mail        |    49 |    40 |    13 |       |       |       ||   102
       Chain mail        |       |       |    68 |   336 |   342 |   199 ||   945
       Plate armour      |       |       |       |    83 |   294 |   155 ||   532
Dodge: Dodged            |    33 |    51 |    95 |   361 |   557 |   411 ||  1508
Block: Shield            |    60 |    87 |   176 |   555 |       |   242 ||  1120
       Buckler           |       |       |       |    88 |   488 |   214 ||   790
